 Dungeon Crawl Stone Soup version 0.26-b1-32-g5d43845318 (webtiles) character file.

Game seed: 645245174532487593

1843 teolandon225 the Covert (level 8, -2/40 HPs)
             Began as a Spriggan Enchanter on Jan 5, 2021.
             Was a Follower of Kikubaaqudgha.
             Shot with an arrow by a centaur (7 damage)
             ... on level 6 of the Dungeon.
             The game lasted 00:28:55 (7947 turns).

teolandon225 the Covert (Spriggan Enchanter)        Turns: 7947, Time: 00:28:55

Health: -2/40      AC:  3    Str:  4    XL:     8   Next: 88%
Magic:  14/17      EV: 23    Int: 19    God:    Kikubaaqudgha [*.....]
Gold:   268        SH:  0    Dex: 19    Spells: 9/18 levels left

rFire    . . .     SeeInvis +   p - +0 dagger (drain)
rCold    . . .     Faith    .   (shield restricted)
rNeg     + . .     Spirit   .   t - +1 robe of Lilacs {rN+ Int+3 Slay+2 SInv}
rPois    .         Reflect  .   (helmet restricted)
rElec    .         Harm     .   (no cloak)
rCorr    .         Rampage  .   (gloves unavailable)
Will     +....                  (boots unavailable)
Stlth    +++++.....             (no amulet)
HPRegen  0.13/turn              (no ring)
MPRegen  0.15/turn              (no ring)

@: slowed, quick
A: very small, unfitting armour, see invisible, speed 3
a: Renounce Religion, Receive Corpses


You were on level 6 of the Dungeon.
You worshipped Kikubaaqudgha.
Kikubaaqudgha was aware of your devotion.
You visited 1 branch of the dungeon, and saw 6 of its levels.

You collected 268 gold pieces.

Inventory:

Hand Weapons
 a - a +2 dagger
 p - a +0 dagger of draining (weapon)
Armour
 b - a +0 robe
 t - the +1 robe of Lilacs (worn) {rN+ Int+3 Slay+2 SInv}
   (You found it on level 5 of the Dungeon)

   It affects your intelligence (+3).
   It affects your accuracy and damage with ranged weapons and melee attacks
   (+2).
   It protects you from negative energy.
   It lets you see invisible.
Jewellery
 g - an uncursed amulet of the acrobat {unknown}
 l - an uncursed amulet of faith {unknown}
 v - a cursed amulet of inaccuracy {unknown}
Wands
 d - a wand of flame (30)
Scrolls
 f - a scroll of enchant weapon
 i - 4 scrolls of teleportation
 q - a scroll of magic mapping {unknown}
 u - a scroll of fog {unknown}
Potions
 c - a potion of heal wounds {unknown}
 e - a potion of berserk rage {unknown}
 h - 3 potions of curing
 j - 3 potions of resistance
 k - 2 potions of flight
 m - 3 potions of might
 n - a potion of magic {unknown}
 o - a potion of brilliance {unknown}
 r - a potion of lignification {unknown}


   Skills:
 + Level 3.0 Fighting
 * Level 6.4 Short Blades
 + Level 6.4 Dodging
 * Level 10.1 Stealth
 + Level 5.5 Spellcasting
 + Level 5.9 Hexes


You had 9 spell levels left.
You knew the following spells:

 Your Spells              Type           Power        Failure   Level
a - Confusing Touch       Hex            27%          3%          3
b - Corona                Hex            30%          1%          1
c - Tukima's Dance        Hex            27%          3%          3
d - Ensorcelled Hibernat  Hex/Ice        32%          5%          2

Your spell library contained the following spells:

 Spells                   Type           Power        Failure   Level
 Slow                     Hex            27%          1%          2
 Dazzling Flash           Conj/Hex       32%          11%         3
 Animate Skeleton         Necr           10%          12%         1
 Magic Dart               Conj           20%          12%         1
 Pain                     Necr           20%          12%         1
 Blink                    Tloc           N/A          19%         2
 Call Imp                 Summ           5%           19%         2
 Sublimation of Blood     Necr           2%           19%         2
 Conjure Flame            Conj/Fire      5%           34%         3
 Mephitic Cloud           Conj/Pois/Air  5%           34%         3
 Vampiric Draining        Necr           2%           34%         3


Dungeon Overview and Level Annotations

Branches:
Dungeon (6/15)             Temple (0/1) D:6

Altars:
Cheibriados
Kikubaaqudgha
The Shining One

Annotations:
D:5 exclusion: downstairs


Innate Abilities, Weirdness & Mutations

You are very small and have problems with some larger weapons.
You are too small for most types of armour.
You have supernaturally acute eyesight. (SInv)
You cover ground extremely quickly.


Message History

The hornet barely misses you.
You feel yourself speed up. The hornet stings you!
You feel yourself slow down. The hornet barely misses you.
You can move again.
The centaur unwields a +0 shortbow.
The centaur hits you!
* * * LOW HITPOINT WARNING * * *
The hornet stings you.
* * * LOW HITPOINT WARNING * * *
You feel as though you will be slow longer.
Okay, then.
Unknown command.
Unknown command.
Blink to where?
Press: ? - help, Dir - move target, p - hornet
As you read the scroll of blinking, it crumbles to dust.
The centaur wields a +0 shortbow.
The centaur shoots an arrow.
The arrow hits you!
You die...
Kikubaaqudgha rasps: "You have failed me!
Welcome... death!"

.)...[....##≈#.##................
..###..##.##†####................
#####..##..#≈#..#................
..........##≈##.#................
#########.##≈##. ................
#########.##≈#.. ...............
..........##.#.. # ###.#....##
.###########≈#..##.# #.#..#.#
.######### ###..@..#### #....#†#
<........###.####.....# ####.#.#
########.....####.....# ..#)#
#.....'..#.....# # ###.##
#.....##.#.....#.# #.##
#.....##.#.....'.# ##.##
######.######.'..§..## #....
#......# ###.y.c..## #....
#.###### ####.......# #....


You could see a hornet (drained) and a centaur.

Vanquished Creatures
  Menkaure (D:5)
  2 orc warriors
  2 ice beasts
  3 ogres
  2 bullfrogs (D:6)
  Blork the orc (D:6)
  A scorpion (D:5)
  A water moccasin skeleton (D:4)
  2 howler monkeys
  2 hounds
  An orc priest (D:6)
  A bullfrog skeleton (D:4)
  An iguana (D:4)
  4 orc wizards
  8 worker ants
  A killer bee zombie (D:6)
  2 hound skeletons
  2 worker ant zombies
  13 adders
  2 shadow imps
  An ooze (D:2)
  An ufetubus (D:5)
  An adder skeleton (D:5)
  6 worms
  A dart slug (D:1)
  A leopard gecko (D:4)
  11 orcs
  6 giant cockroaches
  8 goblins
  4 hobgoblins
  12 jackals
  3 quokkas
  2 bats
  8 frilled lizards
  9 kobolds
  2 leopard gecko zombies
  6 rats
134 creatures vanquished.

Vanquished Creatures (others)
  2 withered plants (D:4)
2 creatures vanquished.

Grand Total: 136 creatures vanquished

Notes
Turn   | Place    | Note
-------+----------+-------------------------------------------
     0 | D:1      | teolandon225 the Spriggan Enchanter began the quest for the
                  | Orb.
     0 | D:1      | Reached XP level 1. HP: 9/9 MP: 5/5
   508 | D:1      | Reached XP level 2. HP: 13/13 MP: 6/6
   515 | D:1      | Learned a level 2 spell: Ensorcelled Hibernation
  1048 | D:1      | Reached skill level 5 in Stealth
  1371 | D:2      | Reached XP level 3. HP: 17/17 MP: 1/8
  2055 | D:2      | Reached XP level 4. HP: 21/21 MP: 6/9
  2059 | D:2      | Learned a level 3 spell: Confusing Touch
  2063 | D:2      | Learned a level 3 spell: Tukima's Dance
  2680 | D:2      | Reached skill level 1 in Fighting
  3650 | D:3      | Reached XP level 5. HP: 25/25 MP: 10/10
  3747 | D:3      | Reached skill level 6 in Stealth
  4357 | D:4      | Reached XP level 6. HP: 30/30 MP: 12/12
  4443 | D:4      | Found a snail-covered altar of Cheibriados.
  4688 | D:4      | Reached skill level 7 in Stealth
  4853 | D:5      | Entered Level 5 of the Dungeon
  5265 | D:4      | Found an ancient bone altar of Kikubaaqudgha.
  5337 | D:4      | Reached XP level 7. HP: 34/34 MP: 14/14
  5378 | D:4      | Became a worshipper of Kikubaaqudgha
  5713 | D:4      | Reached skill level 8 in Stealth
  5715 | D:4      | Found a glowing golden altar of the Shining One.
  5903 | D:5      | Reached skill level 5 in Dodging
  6035 | D:5      | Reached skill level 5 in Hexes
  6191 | D:5      | Reached skill level 5 in Short Blades
  6366 | D:5      | Noticed Menkaure
  6393 | D:5      | Killed Menkaure
  6394 | D:5      | Reached XP level 8. HP: 39/39 MP: 13/16
  6456 | D:5      | Got a faintly glowing robe
  6466 | D:5      | Identified the +1 robe of Lilacs {rN+ Int+3 Slay+2 SInv}
                  | (You found it on level 5 of the Dungeon)
  6622 | D:5      | Reached skill level 9 in Stealth
  7019 | D:6      | Reached skill level 5 in Spellcasting
  7117 | D:6      | Found a staircase to the Ecumenical Temple.
  7146 | D:6      | Reached * piety under Kikubaaqudgha
  7146 | D:6      | Identified Kikubaaqudgha's Compendium of Necromancy
                  | (Kikubaaqudgha gifted it to you on level 6 of the Dungeon)
  7146 | D:6      | Received a gift from Kikubaaqudgha
  7147 | D:6      | Noticed a hornet
  7696 | D:6      | Reached skill level 10 in Stealth
  7699 | D:6      | Noticed Blork the orc
  7706 | D:6      | Killed Blork the orc
  7748 | D:6      | Found a glowing drain.
  7940 | D:6      | Paralysed by a hornet for 3 turns
  7947 | D:6      | Shot with an arrow by a centaur

Illustrated notes

Levels and vault maps discovered:
D:1:      lightli_arrival_flooded_house, layout_loops_corners
D:2:      minmay_door_path, layout_basic
D:3:      layout_basic, hex_large, minmay_crystal_room
D:4:      layout_basic, kennysheep_mini, kiku_gazebo_garden_becter,
          nicolae_overflow_crystal_walls, kennysheep_generic_room_5
D:5:      layout_gridville, kennysheep_cross_bottleneck, uniq_menkaure
D:6:      layout_basic, kennysheep_mini_moat, minmay_temple_entry_fiery,
          portal_sewer_entry_d, chequers_avenue, st_stairs_13, uniq_duvessa,
          uniq_blork_the_orc

Skill      XL: |  1  2  3  4  5  6  7  8 |
---------------+-------------------------+-----
Stealth        | 5 6 7 8 10 | 10.1
Short Blades   | 2 3 4 5 6 |  6.4
Spellcasting   | 3 4 5 |  5.5
Hexes          | 4 5 |  5.9
Fighting       | 1 2 3 |  3.0
Dodging        | 4 5 6 |  6.4

Action                   |  1- 3 |  4- 6 |  7- 9 || total
-------------------------+-------+-------+-------++-------
Melee: Dagger            |   125 |   141 |   171 ||   437
 Cast: Corona            |     2 |       |       ||     2
       Ensorcelled Hiber |    26 |    51 |    34 ||   111
       Confusing Touch   |       |     4 |     8 ||    12
       Tukima's Dance    |       |       |     1 ||     1
  Use: Scroll            |       |     6 |     4 ||    10
 Stab: Sleeping          |    23 |    45 |    25 ||    93
       Confused          |       |     4 |     6 ||    10
Armor: Robe              |    10 |     6 |     8 ||    24
Dodge: Dodged            |   101 |    63 |    97 ||   261
